[ AOE2 MATCH · #476422818 ]
Team RMBohemians vs Bohemians
[ REPLAY ANALYSIS · EXTRACTED FROM THE RECORDED GAME ]
Feudal
12:27
Castle
22:11
Imperial
35:25
| APM avg | 30.5 |
| APM peak | 64 |
| eAPM avg | 16.1 |
| Villagers / military | 129 / 43 |
Focus
⚔️ 23.0% · 🌾 77.0%
Skirmisher ×26 · Scout Cavalry ×6 · Bombard Cannon ×4 · Hussite Wagon ×4 · Mangonel ×2 · Monk ×1
Feudal
13:25
Castle
17:22
Imperial
34:19
| APM avg | 19.9 |
| APM peak | 53 |
| eAPM avg | 9.6 |
| Villagers / military | 73 / 17 |
Focus
⚔️ 21.2% · 🌾 78.8%
Knight ×11 · Gbeto ×6
Feudal
11:27
Castle
18:06
Imperial
38:07
| APM avg | 20.9 |
| APM peak | 89 |
| eAPM avg | 13.0 |
| Villagers / military | 114 / 51 |
Focus
⚔️ 18.4% · 🌾 81.6%
Konnik ×50 · Trade Cart ×11 · Monk ×1
Feudal
12:38
Castle
16:15
Imperial
36:08
| APM avg | 31.2 |
| APM peak | 69 |
| eAPM avg | 17.3 |
| Villagers / military | 109 / 41 |
Focus
⚔️ 26.7% · 🌾 73.3%
Archer ×29 · Hussite Wagon ×8 · Monk ×2 · Bombard Cannon ×2
Match map
Resources at game start + every placement click. Thick line = wall · dashed box = detected house wall. 🟡 gold · ⚪ stone · 🟢 berries · 🔶 boar · ⭕ relic
Inputs per minute
— Nerdyx - - DrByron34
Build order — Nerdyx
First 150 of 333 actions detected
| 0:01 | Create | Villager (Male) |
| 0:01 | Create | Villager (Male) |
| 0:02 | Build | House |
| 0:04 | Build | House |
| 0:15 | Create | Villager (Male) |
| 0:21 | Research | Loom |
| 0:21 | Create | Villager (Male) |
| 0:30 | Create | Villager (Male) |
| 0:49 | Build | Palisade Wall |
| 0:53 | Build | Palisade Wall |
| 0:56 | Create | Villager (Male) |
| 0:56 | Create | Villager (Male) |
| 1:48 | Create | Villager (Male) |
| 2:34 | Create | Villager (Male) |
| 2:49 | Build | Lumber Camp |
| 2:52 | Create | Villager (Male) |
| 3:27 | Create | Villager (Male) |
| 3:28 | Create | Villager (Male) |
| 3:55 | Create | Villager (Male) |
| 4:00 | Build | House |
| 4:21 | Create | Villager (Male) |
| 4:35 | Build | Palisade Wall |
| 4:37 | Build | Palisade Wall |
| 4:37 | Build | Palisade Wall |
| 4:38 | Build | Palisade Wall |
| 4:42 | Build | Palisade Wall |
| 4:43 | Build | Palisade Wall |
| 4:59 | Create | Villager (Male) |
| 5:26 | Create | Villager (Male) |
| 5:59 | Create | Villager (Male) |
| 6:11 | Create | Villager (Male) |
| 6:39 | Build | House |
| 7:02 | Build | Palisade Wall |
| 7:09 | Create | Villager (Male) |
| 7:12 | Build | Mill |
| 7:32 | Build | Palisade Wall |
| 7:34 | Build | Palisade Wall |
| 7:35 | Build | Palisade Wall |
| 7:35 | Build | Palisade Wall |
| 7:36 | Build | Palisade Wall |
| 7:39 | Create | Villager (Male) |
| 7:54 | Create | Villager (Male) |
| 8:18 | Build | Lumber Camp |
| 8:37 | Create | Villager (Male) |
| 8:39 | Create | Villager (Male) |
| 9:03 | Create | Villager (Male) |
| 9:45 | Create | Villager (Male) |
| 9:57 | Create | Villager (Male) |
| 10:00 | Build | Mining Camp |
| 10:05 | Build | House |
| 10:16 | Research | Feudal Age |
| 11:09 | Build | Barracks |
| 11:18 | Build | Farm |
| 11:19 | Create | Villager (Male) |
| 11:55 | Build | House |
| 11:56 | Build | House |
| 11:58 | Build | Farm |
| 12:05 | Build | Farm |
| 12:21 | Create | Villager (Male) |
| 12:27 | Age | Feudal Age |
| 12:40 | Build | Stable |
| 13:00 | Create | Villager (Male) |
| 13:03 | Build | Farm |
| 13:28 | Research | Double-Bit Axe |
| 13:37 | Build | Farm |
| 13:40 | Create | Scout Cavalry |
| 13:41 | Create | Scout Cavalry |
| 13:49 | Create | Villager (Male) |
| 13:51 | Create | Villager (Male) |
| 14:09 | Build | House |
| 14:13 | Create | Scout Cavalry |
| 14:14 | Create | Villager (Male) |
| 14:18 | Build | Blacksmith |
| 14:25 | Create | Villager (Male) |
| 14:30 | Build | Farm |
| 14:33 | Build | Farm |
| 14:42 | Create | Villager (Male) |
| 14:45 | Create | Scout Cavalry |
| 15:05 | Build | House |
| 15:07 | Build | House |
| 15:15 | Research | Forging |
| 15:21 | Build | Farm |
| 15:28 | Build | Farm |
| 15:31 | Build | Farm |
| 15:35 | Build | Farm |
| 15:37 | Create | Villager (Male) |
| 15:42 | Create | Scout Cavalry |
| 15:44 | Research | Scale Barding Armor |
| 16:03 | Build | Farm |
| 16:06 | Build | Farm |
| 16:09 | Build | House |
| 16:10 | Build | House |
| 16:15 | Create | Villager (Male) |
| 16:18 | Create | Scout Cavalry |
| 16:39 | Create | Villager (Male) |
| 17:12 | Create | Villager (Male) |
| 17:13 | Create | Villager (Male) |
| 17:15 | Build | Farm |
| 18:26 | Create | Villager (Male) |
| 18:29 | Build | Farm |
| 19:09 | Build | Stone Wall |
| 19:22 | Create | Villager (Male) |
| 19:22 | Create | Villager (Male) |
| 19:31 | Research | Castle Age |
| 19:40 | Build | House |
| 19:41 | Build | House |
| 19:42 | Build | House |
| 19:42 | Build | House |
| 19:45 | Research | Horse Collar |
| 20:10 | Build | Market |
| 20:12 | Create | Villager (Male) |
| 20:38 | Build | Mining Camp |
| 22:11 | Age | Castle Age |
| 22:14 | Research | Bow Saw |
| 22:15 | Create | Villager (Male) |
| 22:15 | Create | Villager (Male) |
| 22:20 | Build | Town Center |
| 23:17 | Research | Husbandry |
| 23:37 | Research | Wheelbarrow |
| 23:51 | Build | Town Center |
| 24:16 | Build | Stone Wall |
| 24:17 | Build | Stone Wall |
| 24:18 | Build | Stone Wall |
| 24:22 | Build | Stone Wall |
| 24:24 | Create | Villager (Male) |
| 24:24 | Create | Villager (Male) |
| 24:26 | Create | Villager (Male) |
| 24:27 | Create | Villager (Male) |
| 24:58 | Create | Villager (Male) |
| 25:36 | Create | Villager (Male) |
| 25:37 | Create | Villager (Male) |
| 25:37 | Create | Villager (Male) |
| 25:40 | Build | Farm |
| 25:42 | Create | Villager (Male) |
| 25:43 | Create | Villager (Male) |
| 25:47 | Build | Farm |
| 25:49 | Create | Villager (Male) |
| 25:51 | Create | Villager (Male) |
| 26:20 | Build | Stone Wall |
| 26:32 | Build | Stone Wall |
| 26:40 | Research | Hand Cart |
| 26:40 | Create | Villager (Male) |
| 26:40 | Create | Villager (Male) |
| 26:41 | Create | Villager (Male) |
| 26:44 | Research | Heavy Plow |
| 26:47 | Create | Villager (Male) |
| 26:48 | Create | Villager (Male) |
| 27:10 | Build | Archery Range |
| 27:15 | Create | Villager (Male) |
| 27:15 | Create | Villager (Male) |
Build order — DrByron34
First 150 of 160 actions detected
| 0:02 | Create | Villager (Male) |
| 0:02 | Create | Villager (Male) |
| 0:03 | Create | Villager (Male) |
| 0:04 | Build | House |
| 0:08 | Build | House |
| 1:01 | Create | Villager (Male) |
| 1:32 | Create | Villager (Male) |
| 2:33 | Create | Villager (Male) |
| 2:46 | Create | Villager (Male) |
| 3:08 | Create | Villager (Male) |
| 3:17 | Build | Palisade Wall |
| 3:30 | Create | Villager (Male) |
| 3:33 | Build | Lumber Camp |
| 3:56 | Build | House |
| 4:37 | Create | Villager (Male) |
| 4:39 | Create | Villager (Male) |
| 4:59 | Create | Villager (Male) |
| 6:07 | Create | Villager (Male) |
| 6:37 | Create | Villager (Male) |
| 6:44 | Create | Villager (Male) |
| 7:23 | Create | Villager (Male) |
| 7:43 | Build | House |
| 7:49 | Build | Mill |
| 7:53 | Create | Villager (Male) |
| 8:03 | Create | Villager (Male) |
| 8:03 | Create | Villager (Male) |
| 8:03 | Create | Villager (Male) |
| 8:11 | Create | Villager (Male) |
| 8:43 | Build | Mill |
| 9:19 | Build | Farm |
| 9:19 | Build | Farm |
| 10:00 | Research | Loom |
| 10:01 | Create | Villager (Male) |
| 10:09 | Create | Villager (Male) |
| 10:36 | Build | House |
| 10:41 | Build | House |
| 10:58 | Build | Mining Camp |
| 11:15 | Research | Feudal Age |
| 11:49 | Create | Villager (Male) |
| 12:24 | Build | Mining Camp |
| 12:44 | Create | Villager (Male) |
| 13:25 | Age | Feudal Age |
| 13:32 | Build | Market |
| 13:40 | Build | Blacksmith |
| 14:28 | Create | Villager (Male) |
| 14:42 | Research | Castle Age |
| 14:52 | Create | Villager (Male) |
| 15:13 | Research | Double-Bit Axe |
| 15:51 | Research | Horse Collar |
| 15:58 | Build | Farm |
| 16:26 | Build | Farm |
| 16:39 | Build | Farm |
| 16:46 | Build | Farm |
| 17:04 | Create | Villager (Male) |
| 17:06 | Build | House |
| 17:22 | Build | Farm |
| 17:22 | Age | Castle Age |
| 18:07 | Build | Castle |
| 19:27 | Create | Villager (Male) |
| 19:45 | Build | Farm |
| 19:45 | Build | Farm |
| 19:46 | Build | Farm |
| 19:46 | Build | Farm |
| 19:50 | Create | Gbeto |
| 19:50 | Create | Gbeto |
| 19:50 | Create | Gbeto |
| 19:51 | Create | Gbeto |
| 20:08 | Create | Villager (Male) |
| 20:13 | Build | Farm |
| 20:34 | Create | Villager (Male) |
| 20:47 | Create | Gbeto |
| 20:49 | Create | Villager (Male) |
| 21:09 | Create | Villager (Male) |
| 21:13 | Build | Farm |
| 21:31 | Build | Farm |
| 21:40 | Build | Farm |
| 21:53 | Build | Farm |
| 22:02 | Create | Gbeto |
| 22:06 | Research | Forging |
| 22:09 | Create | Villager (Male) |
| 22:16 | Build | Farm |
| 22:38 | Create | Villager (Male) |
| 22:56 | Create | Villager (Male) |
| 23:22 | Create | Villager (Male) |
| 23:28 | Research | Bow Saw |
| 23:49 | Build | Farm |
| 23:49 | Build | Farm |
| 23:50 | Build | Farm |
| 24:08 | Create | Villager (Male) |
| 24:08 | Create | Villager (Male) |
| 24:32 | Create | Villager (Male) |
| 24:44 | Build | Town Center |
| 24:58 | Create | Villager (Male) |
| 25:08 | Build | Farm |
| 25:22 | Create | Villager (Male) |
| 25:27 | Research | Scale Mail Armor |
| 26:39 | Create | Villager (Male) |
| 26:39 | Create | Villager (Male) |
| 26:39 | Create | Villager (Male) |
| 26:40 | Create | Villager (Male) |
| 26:45 | Build | Farm |
| 26:46 | Build | Farm |
| 26:46 | Build | Farm |
| 26:54 | Create | Villager (Male) |
| 27:13 | Create | Villager (Male) |
| 27:13 | Create | Villager (Male) |
| 27:20 | Build | Farm |
| 27:26 | Build | Farm |
| 27:39 | Build | House |
| 28:07 | Research | Wheelbarrow |
| 28:08 | Create | Villager (Male) |
| 28:08 | Create | Villager (Male) |
| 28:32 | Build | Barracks |
| 28:36 | Create | Villager (Male) |
| 28:39 | Build | House |
| 28:44 | Create | Villager (Male) |
| 29:31 | Research | Heavy Plow |
| 29:44 | Build | House |
| 29:50 | Create | Villager (Male) |
| 29:50 | Create | Villager (Male) |
| 30:07 | Build | Farm |
| 30:26 | Build | Monastery |
| 30:44 | Create | Villager (Male) |
| 30:44 | Create | Villager (Male) |
| 30:45 | Create | Villager (Male) |
| 30:47 | Research | Imperial Age |
| 31:48 | Build | House |
| 32:30 | Research | Tigui |
| 33:25 | Create | Villager (Male) |
| 33:25 | Create | Villager (Male) |
| 33:25 | Create | Villager (Male) |
| 33:26 | Create | Villager (Male) |
| 34:01 | Build | Barracks |
| 34:19 | Age | Imperial Age |
| 34:46 | Build | Stable |
| 34:48 | Build | Stable |
| 35:17 | Build | House |
| 35:38 | Create | Knight |
| 35:40 | Create | Knight |
| 35:45 | Research | Scale Barding Armor |
| 36:18 | Create | Knight |
| 36:18 | Create | Knight |
| 36:31 | Create | Knight |
| 36:50 | Create | Villager (Male) |
| 36:50 | Create | Villager (Male) |
| 36:50 | Create | Villager (Male) |
| 36:51 | Create | Villager (Male) |
| 37:34 | Create | Villager (Male) |
| 37:42 | Create | Knight |
| 37:43 | Create | Knight |
Build order — gdanelutti87
First 150 of 295 actions detected
| 0:02 | Build | House |
| 0:03 | Create | Villager (Male) |
| 0:03 | Create | Villager (Male) |
| 0:05 | Build | House |
| 0:20 | Research | Loom |
| 0:21 | Create | Villager (Male) |
| 0:21 | Create | Villager (Male) |
| 0:35 | Create | Villager (Male) |
| 0:55 | Build | Palisade Wall |
| 1:11 | Build | Palisade Wall |
| 1:47 | Create | Villager (Male) |
| 2:34 | Create | Villager (Male) |
| 2:41 | Build | Lumber Camp |
| 2:54 | Create | Villager (Male) |
| 3:10 | Create | Villager (Male) |
| 3:41 | Create | Villager (Male) |
| 4:07 | Build | House |
| 4:23 | Create | Villager (Male) |
| 5:05 | Create | Villager (Male) |
| 5:20 | Build | House |
| 5:29 | Create | Villager (Male) |
| 5:29 | Create | Villager (Male) |
| 5:50 | Build | House |
| 5:59 | Create | Villager (Male) |
| 6:18 | Build | House |
| 6:24 | Create | Villager (Male) |
| 6:31 | Build | Mill |
| 6:43 | Build | House |
| 6:45 | Build | House |
| 7:21 | Create | Villager (Male) |
| 7:21 | Create | Villager (Male) |
| 7:52 | Create | Villager (Male) |
| 8:10 | Create | Villager (Male) |
| 9:17 | Research | Feudal Age |
| 10:16 | Build | Barracks |
| 10:35 | Build | Mining Camp |
| 11:27 | Age | Feudal Age |
| 11:36 | Build | House |
| 11:41 | Build | Farm |
| 11:53 | Create | Villager (Male) |
| 11:54 | Create | Villager (Male) |
| 11:55 | Create | Villager (Male) |
| 12:15 | Build | Farm |
| 12:35 | Research | Double-Bit Axe |
| 12:50 | Create | Villager (Male) |
| 13:00 | Create | Villager (Male) |
| 13:49 | Build | Market |
| 13:51 | Create | Villager (Male) |
| 14:04 | Create | Villager (Male) |
| 14:26 | Build | Blacksmith |
| 14:36 | Create | Villager (Male) |
| 14:51 | Build | Farm |
| 15:12 | Build | Farm |
| 15:26 | Research | Castle Age |
| 15:26 | Research | Castle Age |
| 15:37 | Build | Mining Camp |
| 15:47 | Create | Villager (Male) |
| 16:07 | Build | Stone Wall |
| 16:11 | Build | Building 487 |
| 16:23 | Build | Building 487 |
| 16:30 | Create | Villager (Male) |
| 16:31 | Create | Villager (Male) |
| 16:43 | Build | Farm |
| 16:44 | Build | Farm |
| 16:45 | Build | Farm |
| 17:08 | Create | Villager (Male) |
| 17:45 | Create | Villager (Male) |
| 18:06 | Age | Castle Age |
| 18:08 | Build | Town Center |
| 18:09 | Create | Villager (Male) |
| 18:10 | Create | Villager (Male) |
| 18:56 | Build | Mining Camp |
| 18:57 | Create | Villager (Male) |
| 18:59 | Create | Villager (Male) |
| 19:03 | Create | Villager (Male) |
| 19:29 | Build | Farm |
| 19:30 | Create | Villager (Male) |
| 19:38 | Build | Outpost |
| 19:48 | Build | Farm |
| 20:04 | Research | Horse Collar |
| 20:11 | Create | Villager (Male) |
| 20:12 | Create | Villager (Male) |
| 20:12 | Create | Villager (Male) |
| 20:12 | Create | Villager (Male) |
| 20:18 | Build | Farm |
| 20:20 | Build | Farm |
| 20:41 | Create | Villager (Male) |
| 20:43 | Create | Villager (Male) |
| 20:46 | Build | Farm |
| 21:02 | Build | Castle |
| 21:07 | Create | Villager (Male) |
| 21:10 | Create | Villager (Male) |
| 21:21 | Build | Farm |
| 21:23 | Build | Farm |
| 21:24 | Create | Villager (Male) |
| 21:42 | Create | Villager (Male) |
| 21:49 | Create | Villager (Male) |
| 22:22 | Create | Villager (Male) |
| 22:26 | Create | Villager (Male) |
| 22:27 | Create | Villager (Male) |
| 22:31 | Create | Villager (Male) |
| 22:41 | Build | Farm |
| 22:43 | Build | Farm |
| 22:46 | Build | Farm |
| 22:48 | Create | Villager (Male) |
| 22:56 | Build | Farm |
| 23:03 | Create | Villager (Male) |
| 23:12 | Build | Farm |
| 23:16 | Create | Villager (Male) |
| 23:24 | Create | Konnik |
| 23:35 | Build | Stone Wall |
| 23:45 | Create | Konnik |
| 23:46 | Create | Konnik |
| 23:46 | Create | Konnik |
| 23:59 | Create | Konnik |
| 24:08 | Build | Farm |
| 24:10 | Build | Farm |
| 24:13 | Research | Forging |
| 24:15 | Create | Konnik |
| 24:30 | Create | Konnik |
| 24:37 | Build | Building 487 |
| 24:44 | Build | Stone Wall |
| 24:48 | Build | Building 487 |
| 24:54 | Create | Konnik |
| 24:55 | Create | Konnik |
| 24:59 | Research | Scale Barding Armor |
| 25:04 | Build | Farm |
| 25:07 | Build | Farm |
| 25:09 | Create | Villager (Male) |
| 25:14 | Create | Villager (Male) |
| 25:30 | Create | Konnik |
| 25:31 | Create | Villager (Male) |
| 25:43 | Build | Farm |
| 25:44 | Build | Farm |
| 25:47 | Build | Farm |
| 25:49 | Build | Farm |
| 25:53 | Build | Farm |
| 25:54 | Create | Villager (Male) |
| 25:54 | Create | Villager (Male) |
| 25:55 | Create | Villager (Male) |
| 26:14 | Create | Konnik |
| 26:14 | Create | Konnik |
| 26:24 | Build | Farm |
| 26:25 | Create | Villager (Male) |
| 26:28 | Create | Villager (Male) |
| 26:59 | Create | Konnik |
| 26:59 | Create | Konnik |
| 27:03 | Build | House |
| 27:05 | Build | House |
| 27:06 | Create | Villager (Male) |
Build order — Tingbudong
First 150 of 285 actions detected
| 0:01 | Create | Villager (Male) |
| 0:01 | Create | Villager (Male) |
| 0:01 | Create | Villager (Male) |
| 0:02 | Create | Villager (Male) |
| 0:03 | Build | House |
| 0:05 | Build | House |
| 1:47 | Create | Villager (Male) |
| 1:48 | Create | Villager (Male) |
| 2:10 | Create | Villager (Male) |
| 2:11 | Create | Villager (Male) |
| 2:38 | Create | Villager (Male) |
| 2:38 | Create | Villager (Male) |
| 2:52 | Build | Palisade Wall |
| 3:05 | Create | Villager (Male) |
| 3:05 | Create | Villager (Male) |
| 3:09 | Build | Lumber Camp |
| 3:22 | Create | Villager (Male) |
| 3:23 | Create | Villager (Male) |
| 3:52 | Create | Villager (Male) |
| 4:04 | Build | Palisade Wall |
| 4:18 | Create | Villager (Male) |
| 4:18 | Create | Villager (Male) |
| 4:30 | Build | House |
| 4:45 | Research | Loom |
| 5:03 | Create | Villager (Male) |
| 5:08 | Build | House |
| 5:12 | Build | House |
| 5:32 | Create | Villager (Male) |
| 6:11 | Create | Villager (Male) |
| 6:12 | Create | Villager (Male) |
| 6:13 | Create | Villager (Male) |
| 6:24 | Create | Villager (Male) |
| 7:11 | Create | Villager (Male) |
| 7:29 | Create | Villager (Male) |
| 7:30 | Create | Villager (Male) |
| 7:52 | Build | Mill |
| 8:28 | Create | Villager (Male) |
| 9:11 | Create | Villager (Male) |
| 9:12 | Create | Villager (Male) |
| 9:14 | Create | Villager (Male) |
| 9:41 | Build | Mining Camp |
| 10:28 | Research | Feudal Age |
| 10:31 | Create | Villager (Male) |
| 10:31 | Create | Villager (Male) |
| 11:03 | Create | Villager (Male) |
| 11:25 | Build | Farm |
| 11:27 | Build | Farm |
| 11:32 | Build | Farm |
| 12:10 | Build | Farm |
| 12:15 | Build | Farm |
| 12:38 | Age | Feudal Age |
| 12:39 | Build | Blacksmith |
| 12:42 | Build | Market |
| 13:10 | Build | Mining Camp |
| 13:35 | Research | Castle Age |
| 13:35 | Research | Castle Age |
| 14:26 | Research | Double-Bit Axe |
| 14:26 | Research | Double-Bit Axe |
| 14:49 | Build | House |
| 14:51 | Build | House |
| 16:03 | Research | Horse Collar |
| 16:15 | Age | Castle Age |
| 16:24 | Create | Villager (Male) |
| 16:36 | Build | Town Center |
| 16:39 | Create | Villager (Male) |
| 17:23 | Build | Castle |
| 17:26 | Create | Villager (Male) |
| 17:27 | Create | Villager (Male) |
| 17:27 | Create | Villager (Male) |
| 17:28 | Create | Villager (Male) |
| 17:28 | Create | Villager (Male) |
| 18:08 | Build | Stone Wall |
| 18:20 | Build | Palisade Wall |
| 18:22 | Create | Villager (Male) |
| 18:22 | Create | Villager (Male) |
| 18:23 | Create | Villager (Male) |
| 18:45 | Create | Hussite Wagon |
| 18:45 | Create | Hussite Wagon |
| 18:46 | Create | Hussite Wagon |
| 18:53 | Create | Villager (Male) |
| 18:53 | Create | Villager (Male) |
| 19:01 | Create | Villager (Male) |
| 19:01 | Create | Villager (Male) |
| 19:11 | Build | Stone Wall |
| 19:20 | Build | Palisade Wall |
| 19:39 | Build | Lumber Camp |
| 19:45 | Create | Villager (Male) |
| 19:50 | Build | Farm |
| 20:09 | Build | Palisade Wall |
| 20:14 | Build | Palisade Wall |
| 20:23 | Build | Building 804 |
| 20:35 | Build | Building 800 |
| 20:37 | Create | Villager (Male) |
| 20:38 | Create | Villager (Male) |
| 20:43 | Build | Farm |
| 20:45 | Build | Farm |
| 20:48 | Create | Villager (Male) |
| 20:49 | Create | Villager (Male) |
| 20:58 | Build | Farm |
| 21:11 | Build | Farm |
| 21:13 | Build | Farm |
| 21:17 | Create | Villager (Male) |
| 21:17 | Create | Villager (Male) |
| 21:41 | Create | Hussite Wagon |
| 21:41 | Create | Hussite Wagon |
| 21:51 | Create | Villager (Male) |
| 21:55 | Build | Farm |
| 22:03 | Build | Building 487 |
| 22:10 | Create | Villager (Male) |
| 22:14 | Build | Farm |
| 22:20 | Build | Palisade Wall |
| 22:23 | Build | Palisade Wall |
| 22:29 | Build | Palisade Wall |
| 22:35 | Build | Building 804 |
| 22:44 | Create | Villager (Male) |
| 22:45 | Create | Villager (Male) |
| 23:14 | Create | Villager (Male) |
| 23:54 | Build | Town Center |
| 23:56 | Create | Villager (Male) |
| 24:28 | Build | Farm |
| 24:28 | Build | Farm |
| 24:29 | Build | Farm |
| 24:29 | Build | Farm |
| 24:29 | Build | Farm |
| 24:41 | Create | Villager (Male) |
| 24:42 | Create | Villager (Male) |
| 24:48 | Create | Villager (Male) |
| 24:48 | Create | Villager (Male) |
| 24:48 | Create | Villager (Male) |
| 24:53 | Build | Farm |
| 24:53 | Build | Farm |
| 24:54 | Build | Farm |
| 24:57 | Build | Farm |
| 25:00 | Build | Farm |
| 25:02 | Create | Villager (Male) |
| 25:32 | Create | Villager (Male) |
| 25:32 | Create | Villager (Male) |
| 26:06 | Create | Villager (Male) |
| 26:06 | Create | Villager (Male) |
| 26:07 | Create | Villager (Male) |
| 26:07 | Create | Villager (Male) |
| 26:48 | Build | Barracks |
| 27:00 | Build | Farm |
| 27:00 | Build | Farm |
| 27:01 | Build | Farm |
| 27:10 | Create | Villager (Male) |
| 27:11 | Create | Villager (Male) |
| 27:16 | Build | Farm |
| 27:20 | Build | Farm |
| 27:21 | Create | Villager (Male) |
Match timeline
| 0:49 | Nerdyx · wall_segment Palisade Wall x1 |
| 0:53 | Nerdyx · wall_segment Palisade Wall x4 |
| 0:55 | gdanelutti87 · wall_segment Palisade Wall x6 |
| 1:11 | gdanelutti87 · wall_segment Palisade Wall x11 |
| 2:52 | Tingbudong · wall_segment Palisade Wall x8 |
| 3:17 | DrByron34 · wall_segment Palisade Wall x8 |
| 4:04 | Tingbudong · wall_segment Palisade Wall x6 |
| 4:35 | Nerdyx · wall_segment Palisade Wall x1 |
| 4:37 | Nerdyx · wall_segment Palisade Wall x1 |
| 4:37 | Nerdyx · wall_segment Palisade Wall x1 |
| 4:38 | Nerdyx · wall_segment Palisade Wall x1 |
| 4:42 | Nerdyx · wall_segment Palisade Wall x1 |
| 4:43 | Nerdyx · wall_segment Palisade Wall x3 |
| 7:02 | Nerdyx · wall_segment Palisade Wall x1 |
| 7:32 | Nerdyx · wall_segment Palisade Wall x1 |
| 7:34 | Nerdyx · wall_segment Palisade Wall x1 |
| 7:35 | Nerdyx · wall_segment Palisade Wall x1 |
| 7:35 | Nerdyx · wall_segment Palisade Wall x1 |
| 7:36 | Nerdyx · wall_segment Palisade Wall x1 |
| 10:16 | gdanelutti87 · first_building Barracks |
| 11:09 | Nerdyx · first_building Barracks |
| 11:27 | gdanelutti87 · age_up feudal |
| 12:27 | Nerdyx · age_up feudal |
| 12:38 | Tingbudong · age_up feudal |
| 12:40 | Nerdyx · first_building Stable |
| 13:25 | DrByron34 · age_up feudal |
| 15:04 | gdanelutti87 · first_market_buy 100 food |
| 16:07 | gdanelutti87 · wall_segment Stone Wall x12 |
| 16:15 | Tingbudong · age_up castle |
| 17:22 | DrByron34 · age_up castle |
| 17:23 | Tingbudong · first_building Castle |
| 18:06 | gdanelutti87 · age_up castle |
| 18:07 | DrByron34 · first_building Castle |
| 18:08 | Tingbudong · wall_segment Stone Wall x9 |
| 18:20 | Tingbudong · wall_segment Palisade Wall x9 |
| 19:09 | Nerdyx · wall_segment Stone Wall x16 |
| 19:11 | Tingbudong · wall_segment Stone Wall x4 |
| 19:20 | Tingbudong · wall_segment Palisade Wall x4 |
| 20:09 | Tingbudong · wall_segment Palisade Wall x8 |
| 20:14 | Tingbudong · wall_segment Palisade Wall x7 |
| 21:02 | gdanelutti87 · first_building Castle |
| 22:11 | Nerdyx · age_up castle |
| 22:20 | Tingbudong · wall_segment Palisade Wall x1 |
| 22:23 | Tingbudong · wall_segment Palisade Wall x1 |
| 22:29 | Tingbudong · wall_segment Palisade Wall x1 |
| 23:35 | gdanelutti87 · wall_segment Stone Wall x13 |
| 23:47 | Nerdyx · first_market_buy 100 stone |
| 23:50 | Tingbudong · first_market_buy 100 stone |
| 24:16 | Nerdyx · wall_segment Stone Wall x1 |
| 24:17 | Nerdyx · wall_segment Stone Wall x1 |
| 24:18 | Nerdyx · wall_segment Stone Wall x1 |
| 24:22 | Nerdyx · wall_segment Stone Wall x5 |
| 24:38 | DrByron34 · first_market_buy 100 stone |
| 24:44 | gdanelutti87 · wall_segment Stone Wall x14 |
| 24:46 | Tingbudong · first_market_sell 100 wood |
| 26:20 | Nerdyx · wall_segment Stone Wall x6 |
| 26:32 | Nerdyx · wall_segment Stone Wall x6 |
| 26:48 | Tingbudong · first_building Barracks |
| 27:10 | Nerdyx · first_building Archery Range |
| 27:25 | Nerdyx · first_building Monastery |
| 27:35 | gdanelutti87 · first_building Stable |
| 27:49 | Tingbudong · first_building Monastery |
| 28:16 | Nerdyx · first_building Siege Workshop |
| 28:32 | DrByron34 · first_building Barracks |
| 28:56 | Tingbudong · first_building Siege Workshop |
| 30:26 | DrByron34 · first_building Monastery |
| 30:29 | Tingbudong · first_building Archery Range |
| 30:46 | Tingbudong · wall_segment Stone Wall x13 |
| 33:25 | gdanelutti87 · first_building Monastery |
| 34:19 | DrByron34 · age_up imperial |
| 34:46 | DrByron34 · first_building Stable |
| 34:48 | gdanelutti87 · first_market_sell 100 wood |
| 34:54 | Nerdyx · first_building Castle |
| 35:25 | Nerdyx · age_up imperial |
| 36:08 | Tingbudong · age_up imperial |
| 38:07 | gdanelutti87 · age_up imperial |
| 40:37 | Tingbudong · resign |
[ AI ANALYSIS · 1 CREDIT ]
What really happened in this match?
Wolo.gg analyzes every decision: build order, eco, micro, common mistakes by bracket. Personalized analysis on WhatsApp or Discord in 30 seconds.
Civ guide
Bohemians
Map guide
Black Forest
Perfil
Nerdyx